 Dungeon Crawl Stone Soup version 0.28-b1-25-g9875b3f (webtiles) character file.

Game seed: 13039580769091472078

744 Buxparty the Skirmisher (level 7, -1/44 HPs)
             Began as a Gargoyle Fighter on Feb 2, 2022.
             Was a Priest of Makhleb.
             Incinerated by a balrug (7 damage)
             ... with a sticky flame
             ... on level 1 of the Abyss.
             The game lasted 00:11:28 (4789 turns).

Buxparty the Skirmisher (Gargoyle Fighter)          Turns: 4789, Time: 00:11:28

Health: -1/44      AC: 13    Str: 20 (22) XL:     7   Next: 76%
Magic:  9/9        EV:  9    Int:  6 (8)  God:    Makhleb [***...]
Gold:   139        SH:  4    Dex:  6 (9)  Spells: 6/6 levels left

rFire   . . .      SeeInvis .   a - +0 long sword
rCold   . . .      Faith    .   c - +0 buckler
rNeg    + . .      Spirit   .   b - +0 scale mail
rPois   ∞          Reflect  .   (no helmet)
rElec   +          Harm     .   (no cloak)
rCorr   .          Rampage  .   (no gloves)
Will    .....                   m - +0 pair of boots
Stlth   ..........              (no amulet)
HPRegen 0.14/turn               (no ring)
MPRegen 0.11/turn               (no ring)

@: on fire, glowing
A: sickness immunity, AC +4, negative energy resistance 1, electricity
resistance, torment resistance 1, petrification resistance
a: Renounce Religion, Minor Destruction, Lesser Servant of Makhleb


You were on level 1 of the Abyss.
You worshipped Makhleb.
Makhleb was most pleased with you.
You visited 1 branch of the dungeon, and saw 5 of its levels.
You visited the Abyss 1 time.
You also visited: Ossuary.

You collected 139 gold pieces.

Inventory:

Hand Weapons
 a - a +0 long sword (weapon)
Missiles
 l - 5 boomerangs of dispersal (quivered)
Armour
 b - a +0 scale mail (worn)
 c - a +0 buckler (worn)
 m - a +0 pair of boots (worn)
 n - an orb of mayhem
Jewellery
 h - an amulet of magic regeneration
Wands
 w - a wand of acid (13)
Scrolls
 g - 3 scrolls of blinking {unknown}
 i - 6 scrolls of identify {unknown}
 j - a scroll of noise {unknown}
 p - a scroll of fog {unknown}
 r - 3 scrolls of teleportation {unknown}
 s - a scroll of immolation {unknown}
 u - a scroll of enchant armour {unknown}
 x - a scroll of amnesia {unknown}
Potions
 e - a potion of magic {unknown}
 f - a potion of haste
 k - 4 potions of degeneration
 o - 3 potions of curing
 q - 2 potions of lignification {unknown}
 t - a potion of cancellation {unknown}
 v - a potion of attraction {unknown}
 z - a potion of heal wounds {unknown}


   Skills:
 + Level 5.3 Fighting
 + Level 3.8 Long Blades
 + Level 5.2 Armour
 + Level 5.2 Shields
 + Level 3.4 Invocations


You had 6 spell levels left.
You didn't know any spells.
Your spell library contained the following spells:

 Spells                   Type           Power      Damage    Failure   Level
 Petrify                  Tmut/Erth      0%         N/A       100%        4
 Irradiate                Conj/Tmut      0%         3d13      100%        5
 Sublimation of Blood     Necr           Unusable   N/A       N/A         2

Dungeon Overview and Level Annotations

Branches:
Dungeon (5/15)             Temple (0/1) D:4         Ossuary (visited)

Altars:
Makhleb

Annotations:
D:5 Eustachio


Innate Abilities, Weirdness & Mutations

You are immune to sickness and miasma.
Your stone body is resilient. (AC +4)
You are immune to poison.
You resist negative energy. (rN+)
You are resistant to electric shocks. (rElec)
You are resistant to unholy torment.
You are immune to petrification.


Message History

Eustachio mumbles some strange words.
Eustachio blinks!
Eustachio screams, "At last I'll have my revenge!"
Eustachio casts a spell.
The crimson imp blinks!
Eustachio hits you but does no damage. Space warps around you.
You miss Eustachio.
Eustachio is lightly wounded.
Eustachio gestures wildly while chanting.
You closely miss Eustachio.
Eustachio is lightly wounded.
Eustachio hits you but does no damage. Space warps horribly around you!
You hit Eustachio.
Eustachio is lightly wounded.
Eustachio closely misses you.
The crimson imp blinks!
You barely miss Eustachio.
Eustachio is lightly wounded.
The crimson imp blinks!
Eustachio barely misses you.
You feel very mighty all of a sudden.
Eustachio asks, "How can you live without manners, virtues and honour?"
Eustachio hits you but does no damage.
You are cast into the Abyss!
This branch contains the abyssal rune of Zot.
You feel a little less mighty now.
A chaos spawn assembles itself!
The chaos spawn buzzes angrily.
Found a gateway leading deeper into the Abyss.
A balrug comes into view. It is wielding a +2 demon whip of pain.
The balrug shouts!
You hear a shout!
The balrug gestures at you. Something smites you!
There is a gateway leading deeper into the Abyss, spattered with blood here.
The balrug gestures at you. Something smites you!
* * * LOW HITPOINT WARNING * * *
The balrug gestures at you.
The sticky flame hits you but does no damage.
You are covered in liquid flames!
You are covered in liquid flames!
You die...

#.#... #. #.#...#
.## ##.#... ... .#
..#.... ..##.#.
..... #......
...#.#...#
#...#..##.#
#.@##......
......##..# #..#.
#...## . # #....#
#♣ .....#.2### .
#..#.##...## . .#
..#
##..##§2#######..2.
. #.#. .#.#...2..
#.. # ####. ##
##...#


You could see a balrug.

Vanquished Creatures
  A wraith (Ossuary)
  Edmund (D:5)
  A water moccasin (D:3)
  A jelly (D:4)
  An orc priest (D:5)
  A hound (D:5)
  Jessica (D:3)
  Terence (D:3)
  An orc wizard (D:5)
  A mummy (Ossuary)
  Robin (D:3)
  4 gnolls (D:3)
  5 adders
  A worm (D:2)
  3 dart slugs
  6 orcs
  7 ball pythons
  7 endoplasms
  3 giant cockroaches
  4 hobgoblins
  3 jackals (D:1)
  10 kobolds
  3 quokkas (D:4)
  6 bats
  7 frilled lizards
  6 gnoll skeletons (Ossuary)
  15 goblins
  9 kobold skeletons (Ossuary)
  10 orc skeletons (Ossuary)
120 creatures vanquished.

Vanquished Creatures (others)
  7 plants (D:2)
7 creatures vanquished.

Grand Total: 127 creatures vanquished

Notes
Turn   | Place    | Note
-------+----------+-------------------------------------------
     0 | D:1      | Buxparty the Gargoyle Fighter began the quest for the Orb.
     0 | D:1      | Reached XP level 1. HP: 14/14 MP: 1/1
    67 | D:1      | Found a faded altar of an unknown god.
    90 | D:1      | Reached XP level 2. HP: 10/19 MP: 2/2
   263 | D:1      | Prayed at the altar of an unknown god.
   263 | D:1      | Became a worshipper of Makhleb the Destroyer
   263 | D:1      | Reached * piety under Makhleb
   912 | D:1      | Reached XP level 3. HP: 23/23 MP: 3/3
  1552 | D:2      | Found a burning altar of Makhleb.
  2072 | D:3      | Noticed Robin
  2097 | D:3      | Reached XP level 4. HP: 28/29 MP: 4/4
  2131 | D:3      | Killed Robin
  2157 | D:3      | Reached ** piety under Makhleb
  2158 | D:3      | Reached skill level 1 in Invocations
  2240 | D:3      | Noticed Terence
  2251 | D:3      | Killed Terence
  2252 | D:3      | Reached XP level 5. HP: 33/33 MP: 5/5
  2599 | D:3      | Noticed a water moccasin
  2620 | D:3      | Killed a water moccasin
  2621 | D:3      | Reached XP level 6. HP: 37/39 MP: 7/7
  2669 | D:3      | Noticed Jessica
  2693 | D:3      | Killed Jessica
  3358 | D:4      | Found a sand-covered staircase.
  3367 | Ossuary  | Entered an ossuary
  3367 | Ossuary  | Noticed a wraith
  3367 | Ossuary  | Noticed a wraith
  3367 | Ossuary  | Noticed a wraith
  3408 | Ossuary  | Reached *** piety under Makhleb
  3433 | Ossuary  | Noticed a wraith
  3453 | Ossuary  | Killed a wraith
  3454 | Ossuary  | Reached XP level 7. HP: 8/44 MP: 7/9
  3773 | Ossuary  | Reached skill level 5 in Fighting
  3774 | Ossuary  | Reached skill level 5 in Shields
  3967 | D:4      | Found a staircase to the Ecumenical Temple.
  4064 | D:5      | Entered Level 5 of the Dungeon
  4095 | D:5      | Reached skill level 5 in Armour
  4291 | D:5      | Noticed Edmund
  4320 | D:5      | HP: 2/44 [Edmund (2)]
  4324 | D:5      | Killed Edmund
  4688 | D:5      | Noticed Eustachio
  4717 | D:5      | Cast into level 1 of the Abyss (Eustachio)
  4765 | Abyss:1  | Noticed a chaos spawn
  4771 | Abyss:1  | Noticed a balrug
  4789 | Abyss:1  | Incinerated by a balrug

Illustrated notes

Levels and vault maps discovered:
D:1:      shiori_arrival_maze, layout_basic, nicolae_ecumenical_snake_handling
D:2:      layout_basic, basic_altar, serial_bayou_lagoon_a, minivault_4,
          roderic_roman_lattice, minmay_lizard_pond
D:3:      minmay_angry_zag, layout_loops_ring, uniq_robin, uniq_jessica,
          uniq_terence
D:4:      layout_cave_pools, minmay_temple_entry_overgrown, enter_ossuary_2
D:5:      layout_loops_corners, minivault_4, uniq_edmund, uniq_eustachio
Abyss:1:  base:
Temple

Skill      XL: |  1  2  3  4  5  6  7 |
---------------+----------------------+-----
Long Blades    | 2 3 |  3.8
Fighting       | 4 5 |  5.3
Shields        | 4 5 |  5.2
Armour         | 4 5 |  5.2
Invocations    | 1 2 3 |  3.4

Action                   |  1- 3 |  4- 6 |  7- 9 || total
-------------------------+-------+-------+-------++-------
Melee: Long sword        |   115 |   184 |    86 ||   385
  Use: Potion            |       |     1 |     4 ||     5
Armor: Scale mail        |    82 |    94 |    37 ||   213
Dodge: Dodged            |    52 |    93 |    35 ||   180
Block: Buckler           |    26 |    49 |    14 ||    89
